 Dungeon Crawl Stone Soup version 0.20-a0-2-g2b0e13a (webtiles) character file.

597 Kaname the Stinger (level 7, -3/46 HPs)
             Began as a Demonspawn Venom Mage on Oct 29, 2016.
             Slain by a sky beast (6 damage)
             ... on level 5 of the Dungeon.
             The game lasted 00:17:50 (6734 turns).

Kaname the Stinger (Demonspawn Venom Mage)          Turns: 6734, Time: 00:17:52

Health: -3/46      AC:  3    Str:  8    XL:     7   Next: 17%
Magic:  0/10       EV: 12    Int: 19    God:
Gold:   209        SH:  0    Dex: 13    Spells: 3 memorised, 2 levels left

rFire  . . .     SeeInvis .     m - +2 dagger (pain)
rCold  + . .     Gourm    .     a - +0 robe
rNeg   . . .     Faith    +     (no shield)
rPois  .         Spirit   .     (no helmet)
rElec  .         Reflect  .     (no cloak)
rCorr  +         Harm     .     v - +0 pair of gloves
MR     .....                    (no boots)
Stlth  ++........               s - amulet of faith
                                (no ring)
                                p - ring of resist corrosion

@: very slightly contaminated
A: hooves 2, cold resistance 1, rot immunity, freezing cloud immunity
a: no special abilities


You were on level 5 of the Dungeon.
You were not hungry.

You visited 1 branch of the dungeon, and saw 6 of its levels.

You collected 209 gold pieces.

Inventory:

Hand Weapons
 m - a +2 dagger of pain (weapon)
Armour
 a - a +0 robe (worn)
 v - a +0 pair of gloves (worn)
Jewellery
 p - a ring of resist corrosion (left hand)
 s - an amulet of faith (around neck)
Scrolls
 d - a scroll of identify
 f - 4 scrolls of remove curse
 g - 2 scrolls of enchant weapon
 h - a scroll of amnesia
 i - 2 scrolls of fog
 j - a scroll of fear
 q - a scroll of blinking {unknown}
 t - a scroll of enchant armour {unknown}
Potions
 e - a potion of brilliance
 l - 2 potions of flight
Books
 b - a Young Poisoner's Handbook

   Spells                             Type                      Level
   a - Sting                          Conjuration/Poison           1
   b - Mephitic Cloud                 Conjuration/Poison/Air       3
   c - Olgreb's Toxic Radiance        Poison                       4
   d - Alistair's Intoxication        Transmutation/Poison         5
   e - Venom Bolt                     Conjuration/Poison           5
 n - a book of Cantrips

   Spells                             Type                      Level
   a - Confusing Touch                Hexes                        1
   b - Animate Skeleton               Necromancy                   1
   c - Summon Small Mammal            Summoning                    1
   d - Apportation                    Translocation                1
Comestibles
 c - 5 bread rations
 r - a meat ration


   Skills:
 - Level 1.7 Dodging
 - Level 1.7 Stealth
 - Level 2.0 Spellcasting
 - Level 4.0 Conjurations
 - Level 2.0 Air Magic
 + Level 7.2 Poison Magic


You had 2 spell levels left.
You knew the following spells:

 Your Spells              Type           Power        Failure   Level  Hunger
a - Sting                 Conj/Pois      ###.         1%          1    #......
b - Mephitic Cloud        Conj/Pois/Air  ###.....     12%         3    ###....
c - Olgreb's Toxic Radia  Pois           ####....     12%         4    #####..


Dungeon Overview and Level Annotations

Branches:
Dungeon (6/15)
 Temple: D:4-7

Altars:
Dithmenos
Elyvilon
Fedhas
Kikubaaqudgha
Nemelex Xobeh
Qazlal
Sif Muna
Uskayaw
Vehumet

Annotations:
D:3 Deemzul's ghost, amateur CeAM
D:4 Kaname's ghost, amateur DsFE


Innate Abilities, Weirdness & Mutations

You have hoof-like feet.
Your flesh is cold resistant. (rC+)
You are immune to rotting.
You are immune to freezing clouds.


Message History

Casting: Sting
Confirm with . or Enter, or press ? or * to list all spells.
Aiming: Sting
Press: ? - help, Shift-Dir - straight line, f/p - black bear
Aim: a black bear (severely wounded, poisoned)
The sting hits the black bear.
The black bear is almost dead.
Something hits you.
* * * LOW HITPOINT WARNING * * *
Something shocks you.
* * * LOW HITPOINT WARNING * * *
The black bear goes berserk!
You feel better. The black bear bites you!
* * * LOW HITPOINT WARNING * * *
The black bear closely misses you. The black bear claws you.
* * * LOW HITPOINT WARNING * * *
Something hits you.
* * * LOW HITPOINT WARNING * * *
Something shocks you.
You die...

### #.####### #.h@{...###
#.#####...##
#..h....#..##### #
###.....##.....##### ...
#.......##.###......
.....#.#.....##..<#......
.......>............)....
..........%..##..........
................###......


You could see a black bear (berserk).

Vanquished Creatures
  Edmund (D:4)
  2 ogres
  A hound (D:4)
  An iguana (D:4)
  An orc wizard (D:4)
  3 worker ants
  8 adders
  An ooze (D:2)
  4 worms
  6 dart slugs
  A leopard gecko (D:3)
  6 orcs
  8 giant cockroaches
  6 goblins
  5 hobgoblins
  A jackal (D:1)
  6 kobolds
  2 quokkas
  2 ball pythons
  7 bats
  9 frilled lizards
  12 rats
93 creatures vanquished.

Notes
Turn   | Place    | Note
-------+----------+-------------------------------------------
     0 | D:1      | Kaname the Demonspawn Venom Mage began the quest for the Orb.
     0 | D:1      | Reached XP level 1. HP: 13/13 MP: 3/3
   127 | D:1      | Reached skill level 1 in Conjurations
   567 | D:1      | Gained mutation: You have large cloven feet. [demonic ancestry]
   567 | D:1      | Reached XP level 2. HP: 19/19 MP: 3/5
   915 | D:2      | Found an ancient bone altar of Kikubaaqudgha.
   921 | D:2      | Found a stormy altar of Qazlal.
   922 | D:2      | Found a blossoming altar of Fedhas.
  1028 | D:2      | Gained mutation: You are immune to rotting. [demonic ancestry]
  1028 | D:2      | Reached XP level 3. HP: 19/24 MP: 2/6
  1886 | D:2      | Found a white marble altar of Elyvilon.
  1969 | D:2      | Reached XP level 4. HP: 21/30 MP: 4/7
  1998 | D:2      | Learned a level 3 spell: Mephitic Cloud
  2366 | D:2      | Reached skill level 1 in Air Magic
  2640 | D:3      | Noticed Deemzul's ghost (amateur CeAM)
  2921 | D:3      | Found a sparkling altar of Nemelex Xobeh.
  2942 | D:3      | Found a deep blue altar of Sif Muna.
  3070 | D:3      | Gained mutation: Your flesh is cold resistant. (rC+) [demonic ancestry]
  3070 | D:3      | Reached XP level 5. HP: 16/35 MP: 3/8
  3561 | D:3      | Found a radiant altar of Vehumet.
  4533 | D:4      | Reached skill level 5 in Poison Magic
  4546 | D:4      | Learned a level 4 spell: Olgreb's Toxic Radiance
  4692 | D:4      | Got a distressingly furry cloak
  4698 | D:4      | Identified the +1 cloak "Serch" {rC+ Int-5 Dex+4 Slay+2} (You found it on level 4 of the Dungeon)
  4743 | D:4      | Gained mutation: You have hoof-like feet. [demonic ancestry]
  4743 | D:4      | Reached XP level 6. HP: 19/41 MP: 0/9
  4951 | D:4      | Noticed Edmund
  4963 | D:4      | Killed Edmund
  4963 | D:4      | Reached skill level 6 in Poison Magic
  5232 | D:4      | Found a shadowy altar of Dithmenos.
  5246 | D:4      | Noticed Kaname's ghost (amateur DsFE)
  6381 | D:5      | Entered Level 5 of the Dungeon
  6385 | D:5      | Noticed a sky beast
  6388 | D:5      | Gained mutation: You are immune to freezing clouds. [demonic ancestry]
  6388 | D:5      | Reached XP level 7. HP: 41/46 MP: 0/10
  6407 | D:5      | Found a hide-covered altar of Uskayaw.
  6410 | D:5      | Noticed an enchanted dagger
  6410 | D:5      | Noticed a dagger
  6444 | D:5      | Reached skill level 7 in Poison Magic
  6734 | D:5      | Slain by a sky beast

Vault maps used:
D:1:      dpeg_arrival_round_c, minmay_tetromino_l4
D:2:      kb_forest_paths, grunt_temple_overflow_open, elyvilon_altar_4
D:3:      minmay_diamond_boxcup, nemelex_xobeh_ov_fountains_minmay,
          nicolae_overflow_crystal_walls, old_standard_altar
D:4:      lemuel_coloured_pillars_altar, first_bread, uniq_edmund
D:5:      lemuel_ice_spiral_2, dancing_weapons_uskayaw, ashenzari_altar_1,
          chequers_temple_overflow_minitemple, serial_shops, shop
D:6:      corexii_shantytown, serial_shops, shop_coins, nicolae_shop_crystal,
          shop, shop

Skill      XL: |  1  2  3  4  5  6  7 |
---------------+----------------------+-----
Conjurations   | 1 2 3 4 |  4.0
Air Magic      | 1 2 |  2.0
Poison Magic   | 5 6 7 |  7.2
Dodging        | |  1.7
Stealth        | |  1.7
Spellcasting   | |  2.0

Action                   |  1- 3 |  4- 6 |  7- 9 || total
-------------------------+-------+-------+-------++-------
Melee: Dagger            |    80 |   136 |    22 ||   238
       Unarmed           |     7 |       |       ||     7
       Kick              |     6 |    22 |     5 ||    33
 Cast: Sting             |    36 |    90 |     9 ||   135
       Mephitic Cloud    |       |     3 |     2 ||     5
  Use: Scroll            |     2 |    10 |       ||    12
       Potion            |       |       |     3 ||     3
 Stab: Sleeping          |     3 |     3 |       ||     6
       Confused          |       |       |     1 ||     1
  Eat: Chunk             |     4 |    13 |       ||    17
       Beef jerky        |       |     1 |       ||     1
       Meat ration       |       |       |     1 ||     1
Armor: Robe              |    22 |    28 |    18 ||    68
Dodge: Dodged            |    60 |    83 |    32 ||   175
